Map: Terraform LE (Void)

Players

Fenna (fenn3r)

  • Race: Zerg Zerg
  • League: Master

Spellchansky - Winner!

  • Race: Protoss Protoss
  • League: Master

Event: ASL Season 5 Prime League LOTV Beta

VOD

Have the link to the VOD?

Description

Time

  • Played on: Sept. 7, 2015, 8:24 p.m.
  • Length: 6:41

All games in this series

Show
View Real Time Build Order
Export as new Build Order

Fenna Zerg 

Build Orders: Hatch First, Ravager All-In 

Get SALT Encoding   

  12  0:01  Drone  
  13  0:13  Overlord  
  13  0:17  Drone  
  14  0:31  Drone x2  
  14  0:35  Drone  
  17  0:52  Hatchery  
  17  0:55  Drone  
  17  0:58  Drone  
  18  1:12  Spawning Pool  
  18  1:14  Drone  
  18  1:18  Drone  
  19  1:21  Extractor  
  18  1:29  Drone  
  19  1:39  Drone  
  20  1:53  Drone  
  21  2:02  Extractor, Zergling x2  
  21  2:03  Queen  
  21  2:04  Queen  
  21  2:05  Drone  
  26  2:12  Drone  
  26  2:15  Drone  
  28  2:21  Roach Warren  
  27  2:26  Drone  
  28  2:30  Overlord  
  28  2:34  Overlord  
  28  3:02  Roach  
  28  3:03  Roach  
  28  3:04  Roach x3  
  38  3:11  Roach  
  39  3:31  Ravager x3  
  42  3:34  Ravager  
  42  3:36  Overlord x2  
  42  3:42  Drone x2  
  45  3:55  Ravager  
  45  3:59  Ravager  
  45  4:00  Drone x8  
  45  4:01  Drone  
  55  4:22  Drone x8  
  57  4:25  Extractor  
  57  4:26  Overlord  
  57  4:29  Evolution Chamber  
  55  4:37  Overlord x2  
  55  4:42  Lair  
  55  4:45  Zergling x2  
  56  4:54  Hatchery  
  55  5:03  Drone x3  
  57  5:09  Overlord  
  57  5:19  Overlord  
  57  5:20  Overlord  
  54  5:23  Roach x3  
  62  5:28  Roach x2  
  62  5:35  Roach x3  
  70  5:47  Zergling x8  
  74  5:51  Ravager x3  
  78  5:59  Zergling x12  
  78  6:12  Zergling x4  
  70  6:18  Zergling x2  
  70  6:23  Zergling x2  
  70  6:24  Zergling x6  
Show
View Real Time Build Order
Export as new Build Order

Spellchansky Protoss - Winner!

Build Orders: 1 Gate Expand 

Get SALT Encoding   

  12  0:00  Probe (Chrono Boost)  
  13  0:10  Probe (Chrono Boost)  
  14  0:18  Pylon  
  14  0:21  Probe (Chrono Boost)  
  15  0:36  Probe (Chrono Boost)  
  16  0:46  Probe (Chrono Boost)  
  16  0:49  Gateway  
  17  0:56  Probe (Chrono Boost)  
  18  1:10  Nexus  
  18  1:15  Probe (Chrono Boost)  
  18  1:17  Assimilator  
  19  1:22  Assimilator  
  19  1:25  Probe (Chrono Boost)  
  20  1:35  Probe (Chrono Boost)  
  20  1:38  Cybernetics Core  
  21  1:45  Probe (Chrono Boost)  
  22  1:48  Pylon  
  22  1:55  Probe (Chrono Boost)  
  23  2:06  Probe (Chrono Boost)  
  24  2:12  Warp Gate  
  24  2:14  Adept (Chrono Boost)  
  26  2:18  Probe (Chrono Boost)  
  28  2:26  Mothership Core (Chrono Boost)  
  28  2:29  Probe (Chrono Boost)  
  30  2:40  Probe (Chrono Boost)  
  30  2:42  Robotics Facility  
  31  2:46  Probe (Chrono Boost)  
  31  2:50  Probe (Chrono Boost)  
  33  2:56  Probe (Chrono Boost)  
  34  3:00  Probe (Chrono Boost)  
  35  3:10  Gateway  
  35  3:12  Gateway  
  35  3:14  Probe (Chrono Boost)  
  35  3:15  Gateway, Probe (Chrono Boost)  
  37  3:25  Probe (Chrono Boost)  
  38  3:29  Immortal (Chrono Boost)  
  38  3:33  Probe  
  41  3:35  Pylon  
  41  3:43  Probe, Pylon  
  41  3:45  Probe  
  43  3:56  Pylon  
  43  3:58  Probe  
  44  4:02  Immortal (Chrono Boost)  
  48  4:18  Stalker x2  
  48  4:19  Stalker x2  
  56  4:25  Probe  
  57  4:31  Gateway  
  57  4:32  Gateway  
  57  4:35  Warp Prism (Chrono Boost)  
  59  4:39  Gateway  
  59  4:49  Gateway  
  59  4:50  Pylon  
  59  4:52  Adept  
  59  4:59  Pylon  
  61  5:00  Pylon  
  61  5:10  Adept x3  
  67  5:29  Pylon  
  67  5:35  Adept x6  
  77  5:40  Observer (Chrono Boost)  
  80  5:48  Pylon  
  80  5:49  Adept x2, Pylon  
  84  6:01  Adept x2  
  84  6:02  Adept  
  90  6:06  Adept  
  90  6:07  Adept x2  
  92  6:18  Adept x2  
  84  6:26  Adept  
  84  6:27  Adept  
  84  6:28  Adept  
  84  6:29  Adept x2  
  84  6:30  Adept  
Tags
 
Add a new tag
Caveats
  • Supply blocks, unpowered buildings, or Contaminate may cause inaccurate times.
  • Supply counts are checked every 10 seconds.